 Dungeon Sprint DCSS version 0.30-a0-50-gb2d611f6b1 (webtiles) character file.

Game seed: 16245336836650114984

803 rocky1 the Destroyer (level 7, -4/54 HPs)
             Began as an Octopode Conjurer on Sept 4, 2022.
             Was an Elder of Sif Muna.
             Slain by a phantasmal warrior (11 damage)
             ... in the Dungeon (Sprint VII: "The Pits") on Sept 5, 2022.
             The game lasted 00:06:25 (965 turns).

rocky1 the Destroyer (Octopode Conjurer)             Turns: 965, Time: 00:06:25

Health: -4/54      AC:  1    Str:  7    XL:     7   Next: 91%
Magic:  5/17       EV: 15    Int: 22    God:    Sif Muna [****..]
Gold:   0          SH:  0    Dex: 10    Spells: 9/20 levels left

rFire   . . .      SeeInvis .    k - +0 quarterstaff (speed)
rCold   . . .      Faith    .    (shield currently unavailable)
rNeg    . . .      Spirit   .    (helmet restricted)
rPois   .          Reflect  .    (no amulet)
rElec   .          Harm     .    (no ring)
rCorr   .          Rampage  .    (no ring)
Will    .....      NoTele   +    (no ring)
Stlth   +++.......               (no ring)
HPRegen 0.18/turn                (no ring)
MPRegen 0.15/turn                (no ring)
                                 (no ring)
                                 (no ring)

@: no status effects
A: almost no armour, amphibious, 8 rings, camouflage 1, gelatinous body 1,
(nimble swimmer 1), tentacles
a: Renounce Religion, Channel Magic, Forget Spell, Divine Exegesis


You were in the Dungeon.
You worshipped Sif Muna.
Sif Muna was greatly pleased with you.
You visited 1 branch

Inventory:

Hand Weapons
 g - a +2 quarterstaff
 k - a +0 quarterstaff of speed (weapon)
Scrolls
 f - a scroll of blinking
 i - 5 scrolls of amnesia
 j - a scroll of summoning
Potions
 a - 5 potions of magic
 b - 6 potions of curing
 c - 6 potions of heal wounds
 d - a potion of haste
 e - a potion of berserk rage
 h - 2 potions of invisibility


   Skills:
 + Level 7.0 Fighting
 + Level 7.9 Dodging
 - Level 2.6 Stealth
 + Level 7.2 Spellcasting
 * Level 11.5 Conjurations


You had 9 spell levels left.
You knew the following spells:

 Your Spells              Type           Power      Damage    Failure   Level
a - Magic Dart            Conj           100%       1d8       1%          1
b - Searing Ray           Conj           100%       2d8       1%          2
c - Iskenderun's Mystic   Conj/Tloc      33%        2d8       8%          4
d - Fulminant Prism       Conj/Hex       16%        3d11      8%          4

Your spell library contained the following spells:

 Spells                   Type           Power      Damage    Failure   Level
 Dazzling Flash           Conj/Hex       66%        N/A       2%          3


Dungeon Overview and Level Annotations

Branches:
Dungeon (1/1)

Altars:
Ashenzari
Cheibriados
Dithmenos
Elyvilon
Fedhas
Gozag
Hepliaklqana
Kikubaaqudgha
Makhleb
Nemelex Xobeh
Okawaru
Qazlal
Ru
Sif Muna
Trog
Uskayaw
Vehumet
Wu Jian
Xom
Yredelemnul
Zin
The Shining One
Jiyva
Lugonu


Innate Abilities, Weirdness & Mutations

You cannot wear most types of armour.
You are amphibious.
You can wear up to eight rings at the same time.
Your skin changes colour to match your surroundings (Stealth+).
Your rubbery body absorbs attacks. (AC +1, EV +1)
((You are camouflaged when in or above water. (Stealth+)))
You have tentacles for arms and can constrict up to eight enemies at once.


Message History

Okay, then.
Aiming: Magic Dart (safe; 1% risk of failure)
Press: ? - help, Q - select action, (/) - cycle Shift-Dir - straight line, f - phantasmal warrior
Aim: a phantasmal warrior (heavily damaged, wandering, hasn't noticed you, 100% to hit)
The magic dart hits the phantasmal warrior but does no damage.
The phantasmal warrior is heavily damaged.
The phantasmal warrior gestures at you.
The phantasmal warrior blinks!
Casting: Magic Dart (safe; 1% risk of failure)
Confirm with . or Enter, or press ? or * to list all spells.
Aiming: Searing Ray (safe; 1% risk of failure)
Press: ? - help, Shift-Dir - straight line, f/p - phantasmal warrior
Aim: a phantasmal warrior (heavily damaged, 83% to hit)
The searing ray hits the phantasmal warrior!
The phantasmal warrior is severely damaged. (Press . to maintain the ray.)
The searing ray hits the phantasmal warrior.
The phantasmal warrior is severely damaged.
The searing ray hits the phantasmal warrior!
The phantasmal warrior is almost destroyed.
The phantasmal warrior barely misses you.
The searing ray hits the phantasmal warrior but does no damage.
The phantasmal warrior is almost destroyed.
You finish channelling your searing ray.
The phantasmal warrior hits you!!
Ouch! That really hurt!
Casting: Searing Ray (safe; 1% risk of failure)
Confirm with . or Enter, or press ? or * to list all spells.
Aiming: Searing Ray (safe; 1% risk of failure)
Press: ? - help, Shift-Dir - straight line, f/p - phantasmal warrior
Aim: a phantasmal warrior (almost destroyed, 83% to hit)
The searing ray hits the phantasmal warrior but does no damage.
The phantasmal warrior is almost destroyed. (Press . to maintain the ray.)
The phantasmal warrior hits you!
* * * LOW HITPOINT WARNING * * *
The searing ray hits the phantasmal warrior but does no damage.
The phantasmal warrior is almost destroyed.
The phantasmal warrior hits you!
You die...

#)#........##.......#
#'###########.......#
#.......# #########
#..#.#..# #.##.##.#
#...†...#+#
#†##†##.#.+
#..#.#..#'#
#...@W..†.#
###########


You could see a phantasmal warrior.

Vanquished Creatures
  A floating eye (D)
  3 water moccasins (D)
  A wolf (D)
  2 necrophages (D)
  A scorpion (D)
  A gnoll sergeant (D)
  4 gnolls (D)
  A river rat (D)
  2 ufetubi (D)
  An adder zombie (D)
  A quokka (D)
  A quokka skeleton (D)
19 creatures vanquished.

Vanquished Creatures (others)
  A fulminant prism (D)
1 creature vanquished.

Grand Total: 20 creatures vanquished

Notes
Turn   | Place    | Note
-------+----------+-------------------------------------------
     0 | D        | rocky1 the Octopode Conjurer began the quest for the Orb.
     0 | D        | Reached XP level 1. HP: 11/11 MP: 3/3
    19 | D        | Found a bloodstained altar of Trog.
    19 | D        | Found a shimmering blue altar of Sif Muna.
    19 | D        | Found a viscous altar of Jiyva.
    19 | D        | Found a hazy altar of Hepliaklqana.
    19 | D        | Found an opulent altar of Gozag.
    20 | D        | Found a glowing golden altar of the Shining One.
    20 | D        | Found a glowing silver altar of Zin.
    20 | D        | Found a basalt altar of Yredelemnul.
    20 | D        | Found a shimmering altar of Xom.
    20 | D        | Found an ornate altar of the Wu Jian Council.
    20 | D        | Found a sacrificial altar of Ru.
    20 | D        | Found a stormy altar of Qazlal.
    20 | D        | Found an iron altar of Okawaru.
    20 | D        | Found a sparkling altar of Nemelex Xobeh.
    20 | D        | Found a burning altar of Makhleb.
    20 | D        | Found a blossoming altar of Fedhas.
    20 | D        | Found a white marble altar of Elyvilon.
    20 | D        | Found a shadowy altar of Dithmenos.
    20 | D        | Found a snail-covered altar of Cheibriados.
    23 | D        | Found a corrupted altar of Lugonu.
    23 | D        | Found a radiant altar of Vehumet.
    24 | D        | Found an ancient bone altar of Kikubaaqudgha.
    24 | D        | Found a hide-covered altar of Uskayaw.
    24 | D        | Found a broken altar of Ashenzari.
    25 | D        | Became a worshipper of Sif Muna the Loreminder
    69 | D        | Reached skill level 5 in Conjurations
    69 | D        | Reached XP level 2. HP: 12/17 MP: 3/5
   246 | D        | Reached * piety under Sif Muna
   247 | D        | Reached XP level 3. HP: 22/22 MP: 5/7
   280 | D        | Noticed a necrophage
   280 | D        | Noticed a scorpion
   280 | D        | Noticed a floating eye
   318 | D        | Killed a necrophage
   319 | D        | Reached skill level 6 in Conjurations
   319 | D        | Reached XP level 4. HP: 30/30 MP: 5/10
   335 | D        | Killed a floating eye
   335 | D        | Reached ** piety under Sif Muna
   336 | D        | Reached skill level 5 in Dodging
   336 | D        | Reached skill level 5 in Spellcasting
   336 | D        | Reached skill level 8 in Conjurations
   336 | D        | Reached XP level 5. HP: 37/37 MP: 8/12
   380 | D        | Reached XP level 6. HP: 31/44 MP: 7/14
   383 | D        | Reached skill level 9 in Conjurations
   650 | D        | Learned a level 2 spell: Searing Ray
   655 | D        | Learned a level 4 spell: Iskenderun's Mystic Blast
   660 | D        | Learned a level 4 spell: Fulminant Prism
   670 | D        | Noticed a water moccasin
   673 | D        | Noticed a water moccasin
   679 | D        | Killed a water moccasin
   679 | D        | Reached *** piety under Sif Muna
   680 | D        | Reached skill level 5 in Fighting
   684 | D        | Reached skill level 10 in Conjurations
   684 | D        | Killed a water moccasin
   684 | D        | Reached **** piety under Sif Muna
   685 | D        | Reached XP level 7. HP: 47/52 MP: 3/16
   852 | D        | Reached skill level 11 in Conjurations
   951 | D        | Noticed a phantasmal warrior
   965 | D        | Slain by a phantasmal warrior

Illustrated notes

Levels and vault maps discovered:
D:        pitsprint [storerooms_1, entrance_room_1, metal_vault_2, armoury_3,
          mini_pit_1, grid_room_1, main_hall_1, silver_pit, the_coven_3,
          the_vestibule_1, steel_vault_3, golden_pit, hallway_of_sentries,
          crystal_vault_2, iron_vault_3, final_vault]

Skill      XL: |  1  2  3  4  5  6  7 |
---------------+----------------------+-----
Dodging        | 3 4 5 7 |  7.9
Conjurations   | 5 6 8 10 11 | 11.5
Spellcasting   | 3 4 5 6 7 |  7.2
Fighting       | 2 4 6 7 |  7.0
Stealth        | |  2.6

Action                   |  1- 3 |  4- 6 |  7- 9 || total
-------------------------+-------+-------+-------++-------
Melee: Quarterstaff      |    11 |     5 |       ||    16
       Constrict         |     3 |     2 |       ||     5
       Tentacles         |     1 |     3 |       ||     4
 Cast: Magic Dart        |     9 |     8 |     6 ||    23
       Searing Ray       |       |     3 |     6 ||     9
       Fulminant Prism   |       |       |     1 ||     1
  Use: Potion            |     1 |     1 |       ||     2
Armor: Skin              |       |     1 |     1 ||     2
Dodge: Dodged            |    10 |    11 |     7 ||    28

Table legend: (Time is in decaauts)
 A = Elapsed time spent in this place.
 B = Non-inter-level travel time spent in this place.
 C = Inter-level travel time spent in this place.
 D = Time resting spent in this place.
 E = Time spent auto-exploring this place.
 F = Levels seen in this place.
 G = Mean time per level.
                   A        B        C        D        E       F      G
               +--------+--------+--------+--------+--------+-----+--------+
         Total |    985 |    956 |     29 |    684 |      0 |   1 |  985.0 |
       Dungeon |    985 |    956 |     29 |    684 |      0 |   1 |  985.0 |
               +--------+--------+--------+--------+--------+-----+--------+

Top non-repeatable levels by time:
       D: 985 daAuts
